 Dungeon Crawl Stone Soup version 0.20.1-1-g8b1a95d (console) character file.

979 hilaritas the Geomancer (level 7, -4/36 HPs)
             Began as a Deep Elf Earth Elementalist on Sept 2, 2017.
             Was an Initiate of Vehumet.
             Killed from afar by a steam dragon (21 damage)
             ... with a ball of steam
             ... on level 5 of the Dungeon.
             The game lasted 00:12:26 (5525 turns).

hilaritas the Geomancer (DEEE)                      Turns: 5525, Time: 00:12:27

Health: -4/36      AC:  7    Str:  6    XL:     7   Next: 96%
Magic:  13/13      EV: 13    Int: 21    God:    Vehumet [......]
Gold:   284        SH:  0    Dex: 15    Spells: 3/12 levels left

rFire    . . .     SeeInvis .   k - +1 dagger (vamp)
rCold    . . .     Gourm    .   (no shield)
rNeg     . . .     Faith    .   c - +0 robe
rPois    .         Spirit   .   D - +0 helmet
rElec    .         Reflect  .   (no cloak)
rCorr    .         Harm     .   d - +0 pair of gloves
MR       .....                  a - +2 pair of boots
Stlth    ++........             (no amulet)
Regen    0.2/turn               (no ring)
MPRegen  0.2/turn               (no ring)

@: no status effects
A: no striking features
a: Renounce Religion


You were on level 5 of the Dungeon.
You worshipped Vehumet.
Vehumet was noncommittal.
You were not hungry.

You visited 2 branches of the dungeon, and saw 6 of its levels.

You collected 284 gold pieces.

Inventory:

Hand Weapons
 k - a +1 vampiric dagger (weapon)
Missiles
 b - 89 stones (quivered)
 j - 62 arrows
Armour
 a - a +2 pair of boots (worn)
 c - a +0 robe (worn)
 d - a +0 pair of gloves (worn)
 D - a +0 helmet (worn)
Jewellery
 s - an uncursed ring of fire
Wands
 x - a wand of polymorph (22/24)
 E - a wand of iceblast (6/15)
Scrolls
 f - 2 scrolls of remove curse
 i - a scroll of enchant armour
 l - 5 scrolls of identify
 n - a scroll of fear
 q - a scroll of magic mapping
 t - 3 scrolls of amnesia
 y - 2 scrolls of teleportation
Potions
 g - 2 potions of curing
 p - 5 potions of heal wounds
 r - 3 potions of berserk rage {unknown}
 u - 3 potions of cancellation {unknown}
 v - 3 potions of might {unknown}
 w - 2 potions of agility {unknown}
 A - a potion of ambrosia {unknown}
 C - a potion of lignification {unknown}
Books
 e - a book of Geomancy

   Spells                             Type                      Level
   a - Sandblast                      Earth                        1
   b - Passwall                       Transmutation/Earth          2
   c - Stone Arrow                    Conjuration/Earth            3
   d - Petrify                        Transmutation/Earth          4
   e - Lee's Rapid Deconstruction     Earth                        5
Comestibles
 h - 3 meat rations
 m - 3 fruits
 z - 2 royal jellies
 B - 2 bread rations


   Skills:
 - Level 2.4 Dodging
 - Level 2.4 Stealth
 - Level 3.0 Spellcasting
 * Level 4.0 Conjurations
   Level 1.1 Transmutations
 + Level 9.6 Earth Magic


You had 3 spell levels left.
You knew the following spells:

 Your Spells              Type           Power        Failure   Level  Hunger
a - Sandblast             Erth           #####.       1%          1    None
b - Stone Arrow           Conj/Erth      ####..       2%          3    ###....
c - Lee's Rapid Deconstr  Erth           #####.....   7%          5    ######.


Dungeon Overview and Level Annotations

Branches:
Dungeon (5/15)             Temple (1/1) D:4

Altars:
Cheibriados
Fedhas
Hepliaklqana
Kikubaaqudgha
Okawaru
Sif Muna
Vehumet
The Shining One


Message History

Confirm with . or Enter, or press ? or * to list all spells.
Aiming: Stone Arrow
Press: ? - help, Shift-Dir - straight line, f - steam dragon
Aim: a steam dragon (resting)
Okay, then.
The steam dragon hisses angrily. x2
The steam dragon breathes steam at you. The ball of steam hits you!
Ouch! That really hurt!
The fungus is engulfed in a cloud of scalding steam. x2
Really walk into that cloud of steam?
Okay, then.
The fungus is engulfed in a cloud of scalding steam.
The fungus is engulfed in a cloud of scalding steam.
The steam dragon breathes steam at you. The ball of steam misses you.
The ball of steam hits the fungus.
The steam dragon breathes steam at you. The ball of steam hits you!
Ouch! That really hurt!
You die...

#..#.###.................# #....
##.#.# ######............# #....
#.).# #............# #..#. ###..#
### ############## #..#.
#....####.≈### #####.
#....##≈.^...####### ###≈≈≈..
#....##....≈≈.PP.P≈#######^≈^P≈..
.....#........D.§§....P.≈^P≈PP≈..
#....#P..!.PD≈§§@P≈P.≈...........
#....#P.....≈#########PPP..≈P....
#....##≈.P^P## ########P...
......##P≈^# ##### ....#..#####
.####......# .# #..####.... .#
#..### ## ####....#


You could see a steam dragon.

Vanquished Creatures
  Menkaure (D:5)
  A sky beast (D:5)
  2 ogres
  A centaur zombie (D:5)
  A hound (D:4)
  6 orc wizards
  3 worker ants
  Natasha (thrice) (D:2)
  Robin (D:3)
  4 gnolls (D:4)
  7 adders
  A shadow imp (D:5)
  An ooze (D:1)
  2 worms
  3 dart slugs
  2 leopard geckos
  5 orcs
  7 bats
  4 giant cockroaches
  12 goblins
  14 hobgoblins
  2 jackals (D:3)
  10 kobolds
  2 frilled lizards
  A leopard gecko zombie (D:5)
  14 rats
110 creatures vanquished.

Notes
Turn   | Place    | Note
-------+----------+-------------------------------------------
     0 | D:1      | hilaritas the Deep Elf Earth Elementalist began the quest for the Orb.
     0 | D:1      | Reached XP level 1. HP: 10/10 MP: 6/6
   203 | D:1      | Reached skill level 4 in Earth Magic
   203 | D:1      | Reached XP level 2. HP: 15/15 MP: 4/8
   952 | D:2      | Reached XP level 3. HP: 19/19 MP: 5/9
   958 | D:2      | Learned a level 3 spell: Stone Arrow
  1074 | D:2      | Noticed Natasha
  1077 | D:2      | Killed Natasha
  1077 | D:2      | Reached skill level 5 in Earth Magic
  1078 | D:2      | Reached XP level 4. HP: 24/24 MP: 1/10
  1138 | D:2      | Noticed Natasha
  1140 | D:2      | Killed Natasha
  1140 | D:2      | Reached skill level 1 in Conjurations
  1392 | D:2      | Found a glowing golden altar of the Shining One.
  1646 | D:2      | Noticed Natasha
  1725 | D:2      | Killed Natasha
  1725 | D:2      | Reached skill level 6 in Earth Magic
  1725 | D:2      | Reached XP level 5. HP: 24/28 MP: 2/11
  2106 | D:3      | Learned a level 5 spell: Lee's Rapid Deconstruction
  2519 | D:3      | Found a hazy altar of Hepliaklqana.
  2550 | D:3      | Found an iron altar of Okawaru.
  2625 | D:3      | Noticed an ogre
  2628 | D:3      | Killed an ogre
  2740 | D:3      | Reached skill level 7 in Earth Magic
  2740 | D:3      | Reached XP level 6. HP: 32/32 MP: 7/12
  3357 | D:4      | Noticed Robin
  3366 | D:3      | Killed Robin
  3536 | D:4      | Found a staircase to the Ecumenical Temple.
  3545 | Temple   | Entered the Ecumenical Temple
  3643 | Temple   | Became a worshipper of Vehumet
  3939 | D:4      | Reached skill level 8 in Earth Magic
  4109 | D:4      | Reached XP level 7. HP: 36/36 MP: 9/13
  4738 | D:5      | Entered Level 5 of the Dungeon
  5097 | D:5      | Noticed Menkaure
  5105 | D:5      | Killed Menkaure
  5105 | D:5      | Reached skill level 9 in Earth Magic
  5513 | D:5      | Noticed a steam dragon
  5515 | D:5      | Noticed a steam dragon
  5525 | D:5      | Killed from afar by a steam dragon

Skill      XL: |  1  2  3  4  5  6  7 |
---------------+----------------------+-----
Earth Magic    | 4 5 6 7 8 9 |  9.6
Conjurations   | 1 2 3 4 |  4.0
Dodging        | |  2.4
Stealth        | |  2.4
Spellcasting   | |  3.0
Transmutations | |  1.1

Action                   |  1- 3 |  4- 6 |  7- 9 || total
-------------------------+-------+-------+-------++-------
Melee: Dagger            |       |    32 |     1 ||    33
 Cast: Sandblast         |    36 |    67 |    26 ||   129
       Stone Arrow       |     1 |    25 |    11 ||    37
  Use: Scroll            |       |     9 |     1 ||    10
  Eat: Bread ration      |     1 |       |       ||     1
       Chunk             |       |    12 |     5 ||    17
Armor: Robe              |       |    20 |     5 ||    25
Dodge: Dodged            |     2 |    32 |     3 ||    37
